Map: Sogno eterno LE

Players

ESCANOR - Winner!

  • Race: Protoss Protoss
  • League: Platinum
  • Spawn Location: 7:00

Dioniso

  • Race: Zerg Zerg
  • League: Silver
  • Spawn Location: 1:00

VOD

Have the link to the VOD?

Description

Time

  • Played on: March 20, 2020, 1:23 p.m.
  • Length: 9:28
Show
View Real Time Build Order
Export as new Build Order

ESCANOR Protoss - Winner!

Build Orders: Oracle Opening 

Get SALT Encoding   

  12  0:06  Probe  
  13  0:18  Probe  
  13  0:19  Pylon  
  14  0:31  Probe (Chrono Boost)  
  15  0:40  Gateway  
  16  0:43  Probe (Chrono Boost)  
  16  0:48  Assimilator  
  16  0:51  Probe (Chrono Boost)  
  17  1:14  Probe  
  17  1:16  Forge  
  18  1:25  Pylon  
  18  1:26  Probe  
  19  1:38  Probe  
  20  1:43  Cybernetics Core  
  20  1:52  Photon Cannon  
  20  1:59  Photon Cannon  
  20  2:10  Assimilator  
  20  2:15  Pylon  
  20  2:25  Photon Cannon  
  20  2:45  Probe  
  21  2:51  Stargate  
  21  2:57  Probe  
  22  3:01  Nexus  
  22  3:09  Probe  
  23  3:32  Pylon  
  23  3:34  Pylon, Oracle (Chrono Boost)  
  26  3:41  Zealot  
  28  3:52  Warp Gate  
  28  4:01  Oracle (Chrono Boost)  
  31  4:13  Probe x2  
  33  4:19  Zealot  
  35  4:25  Probe  
  35  4:26  Probe  
  35  4:29  Gateway  
  35  4:31  Gateway  
  37  4:40  Void Ray  
  41  4:48  Probe x2  
  43  4:55  Assimilator  
  43  5:00  Probe  
  38  5:30  Void Ray (Chrono Boost)  
  42  5:43  Twilight Council  
  42  5:45  Stalker  
  44  5:51  Stalker  
  44  5:53  Stalker  
  48  6:12  Probe x2  
  50  6:20  Assimilator  
  50  6:22  Nexus  
  50  6:24  Probe x2  
  52  6:34  Stargate  
  52  6:36  Probe x2  
  52  6:37  Protoss Air Weapons Level 1 (Chrono Boost)  
  54  6:48  Probe x2  
  56  6:55  Charge (Chrono Boost)  
  56  6:56  Void Ray  
  56  7:00  Probe  
  56  7:01  Probe  
  62  7:14  Pylon  
  62  7:16  Protoss Ground Weapons Level 1 (Chrono Boost), Pylon  
  62  7:19  Pylon  
  62  7:32  Void Ray, Probe x2  
  62  7:33  Pylon  
  62  7:34  Probe  
  69  7:44  Void Ray  
  69  7:46  Probe  
  74  7:54  Stalker  
  74  7:56  Stalker  
  78  7:58  Probe  
  79  8:10  Probe  
  80  8:23  Probe  
Show
View Real Time Build Order
Export as new Build Order

Dioniso Zerg 

Build Orders: Hatch First 

Get SALT Encoding   

  12  0:03  Drone  
  13  0:15  Drone  
  14  0:41  Hatchery  
  13  0:52  Spawning Pool  
  12  1:23  Overlord  
  12  1:25  Drone x2  
  14  1:42  Extractor, Drone  
  14  1:45  Queen  
  16  1:53  Queen  
  18  1:57  Drone  
  18  1:58  Drone x2  
  21  2:10  Roach Warren  
  20  2:35  Zergling x2  
  20  2:36  Zergling x6  
  20  2:37  Zergling x4  
  26  3:07  Overlord x3  
  26  3:17  Extractor  
  25  3:38  Drone x3  
  28  3:42  Roach  
  28  3:43  Roach  
  28  3:48  Drone  
  33  3:50  Hatchery  
  32  4:00  Drone  
  33  4:07  Drone  
  34  4:19  Ravager x2  
  34  4:21  Roach x2  
  40  4:30  Roach  
  40  4:31  Roach  
  44  4:44  Ravager  
  42  5:36  Drone x6  
  42  5:37  Drone x4  
  52  5:50  Hatchery  
  51  5:58  Lair  
  51  6:01  Drone  
  52  6:25  Overlord x4  
  52  6:43  Queen  
  54  6:47  Roach x3  
  54  6:48  Roach x3  
  66  6:54  Drone x2  
  66  6:55  Drone  
  66  6:58  Extractor  
  66  7:00  Extractor  
  67  7:03  Queen  
  67  7:06  Drone  
  70  7:16  Drone  
  70  7:17  Drone x3  
  70  7:18  Drone  
  75  7:27  Drone  
  75  7:28  Drone  
  75  7:29  Drone  
  78  7:30  Drone x2  
  78  7:34  Roach  
  82  7:44  Overlord x2  
  82  7:57  Overlord x2  
  79  8:22  Hydralisk Den  
  76  8:40  Queen  
  74  8:51  Hydralisk x4  
  74  8:52  Hydralisk x3  
Tags
 
Add a new tag
Caveats
  • Supply blocks, unpowered buildings, or Contaminate may cause inaccurate times.
  • Supply counts are checked every 10 seconds.